Map: Prion Terraces

Players

LilDicky - Winner!

  • Race: Terran Terran
  • League: Diamond

Vlow

  • Race: Protoss Protoss
  • League: Platinum

VOD

http://www.twitch.tv/tumescentpie

Description

Time

  • Played on: Nov. 27, 2015, 9:47 a.m.
  • Length: 5:50
Show
View Real Time Build Order
Export as new Build Order

LilDicky Terran - Winner!

Build Orders: MMM Bio 

Get SALT Encoding   

  12  0:01  SCV  
  13  0:13  SCV  
  14  0:18  Supply Depot  
  14  0:25  SCV  
  15  0:40  SCV  
  16  0:44  Barracks  
  16  0:52  SCV  
  17  1:00  Refinery  
  17  1:04  SCV  
  18  1:16  SCV  
  19  1:31  Marine  
  20  1:33  Supply Depot  
  20  1:36  Orbital Command  
  20  1:50  Barracks Reactor  
  20  1:51  Barracks  
  20  1:52  Barracks  
  20  1:56  Refinery  
  20  2:07  SCV  
  21  2:19  SCV  
  21  2:20  Factory  
  22  2:31  SCV  
  22  2:36  Marine x2  
  25  2:37  Barracks Tech Lab  
  25  2:39  Barracks Tech Lab  
  25  2:43  SCV  
  26  2:53  Supply Depot  
  26  2:54  Marine x2  
  28  3:02  Stimpack  
  28  3:11  Marine x2  
  28  3:25  Marine  
  28  3:26  Marine  
  27  3:29  Marine  
  28  3:36  Marine  
  28  3:37  Combat Shields  
  29  3:42  Widow Mine  
  29  3:43  Marine x2  
  29  3:47  SCV, Marine  
  35  3:51  Supply Depot  
  35  3:56  Marine  
  36  4:04  Starport  
  35  4:10  Marine x2  
  35  4:12  Marauder  
  39  4:21  Widow Mine  
  39  4:24  SCV  
  42  4:26  Marauder  
  47  4:39  Supply Depot  
  46  4:49  Medivac  
  46  4:51  Marine  
  47  5:00  Marine x2  
  47  5:03  Marine  
  48  5:09  Marine  
  48  5:10  SCV  
  50  5:18  Marine  
  50  5:19  Supply Depot, Marauder  
  53  5:21  Marauder  
  55  5:31  Marine  
  55  5:32  SCV  
Show
View Real Time Build Order
Export as new Build Order

Vlow Protoss 

Build Orders: Double Forge 

Get SALT Encoding   

  12  0:01  Probe (Chrono Boost)  
  13  0:11  Probe (Chrono Boost)  
  14  0:18  Pylon  
  14  0:22  Probe (Chrono Boost)  
  15  0:36  Gateway, Probe (Chrono Boost)  
  16  0:47  Probe (Chrono Boost)  
  17  0:50  Assimilator  
  17  0:57  Probe (Chrono Boost)  
  18  1:05  Gateway  
  18  1:11  Probe (Chrono Boost)  
  19  1:21  Probe (Chrono Boost)  
  19  1:25  Cybernetics Core  
  20  1:28  Pylon  
  20  1:33  Probe (Chrono Boost)  
  21  2:01  Nexus  
  21  2:07  Adept (Chrono Boost)  
  23  2:12  Adept (Chrono Boost)  
  23  2:15  Probe  
  26  2:20  Assimilator  
  26  2:33  Pylon  
  26  2:34  Adept (Chrono Boost)  
  28  2:42  Adept (Chrono Boost)  
  30  2:53  Probe  
  31  3:08  Probe  
  30  3:39  Probe  
  30  3:40  Probe  
  30  3:49  Probe  
  30  3:52  Probe  
  32  4:00  Probe  
  33  4:04  Probe  
  34  4:10  Probe  
  37  4:17  Mothership Core, Robotics Facility  
  37  4:18  Forge  
  37  4:19  Forge  
  37  4:21  Probe  
  31  4:27  Twilight Council  
  31  4:29  Pylon  
  31  4:31  Probe, Pylon  
  31  4:38  Probe  
  33  4:40  Assimilator  
  33  4:42  Probe  
  33  4:45  Assimilator  
  34  4:48  Gateway  
  34  4:50  Probe  
  32  5:05  Observer  
  33  5:08  Probe  
  33  5:09  Probe  
  35  5:18  Probe  
  36  5:21  Probe  
  36  5:27  Observer  
  37  5:29  Probe  
  37  5:33  Probe  
Tags
 
Add a new tag
Caveats
  • Supply blocks, unpowered buildings, or Contaminate may cause inaccurate times.
  • Supply counts are checked every 10 seconds.